 Dungeon Crawl Stone Soup version 0.26-a0-937-g67df3f2acb (webtiles) character file.

Game seed: 2259707424204847799

2605 Favre the Geomancer (level 9, -2/46 HPs)
             Began as a Gargoyle Earth Elementalist on Nov 27, 2020.
             Slain by Harold
             ... wielding a +0 short sword
              (10 damage)
             ... on level 7 of the Dungeon.
             The game lasted 00:19:23 (7499 turns).

Favre the Geomancer (Gargoyle Earth Elementalist)   Turns: 7499, Time: 00:19:23

Health: -2/46      AC: 12    Str: 11    XL:     9   Next: 59%
Magic:  9/19       EV: 12    Int: 20    God:
Gold:   242        SH:  0    Dex: 10    Spells: 13/22 levels left

rFire    . . .     SeeInvis .   g - +2 dagger (venom)
rCold    + . .     Faith    .   (no shield)
rNeg     + . .     Spirit   .   d - +0 robe {rC+}
rPois    ∞         Reflect  .   (no helmet)
rElec    +         Harm     .   (no cloak)
rCorr    .         Rampage  .   m - +1 pair of gloves
MR       .....                  (no boots)
Stlth    ++........             (no amulet)
HPRegen  0.15/turn              (no ring)
MPRegen  0.16/turn              (no ring)

@: no status effects
A: slimy green scales 1, blink, negative energy resistance 1, electricity
resistance, unbreathing, petrification resistance, rot immunity, MP-powered
wands, AC +6
a: Blink


You were on level 7 of the Dungeon.
You visited 1 branch of the dungeon, and saw 7 of its levels.

You collected 417 gold pieces.
You spent 175 gold pieces at shops.

Inventory:

Hand Weapons
 g - a +2 dagger of venom (weapon)
 p - a +0 flail
 v - a +3 dire flail of protection
 A - a +2 flail of holy wrath
Missiles
 b - 246 stones (quivered)
Armour
 d - a +0 robe of cold resistance (worn)
 m - a +1 pair of gloves (worn)
Wands
 f - a wand of polymorph (6)
 t - a wand of acid (2)
 x - a wand of flame (14)
Scrolls
 k - a scroll of fear
 n - 3 scrolls of remove curse
 q - 3 scrolls of magic mapping
 s - a scroll of enchant weapon
 u - a scroll of teleportation
 w - 3 scrolls of identify
 y - a scroll of blinking
Potions
 a - 8 potions of curing
 c - 2 potions of heal wounds
 e - 2 potions of ambrosia
 h - 2 potions of might
 i - a potion of lignification
 j - a potion of flight
 l - a potion of magic
 o - a potion of resistance
 r - a potion of invisibility
 z - a potion of berserk rage


   Skills:
 + Level 0.8 Fighting
 + Level 0.9 Maces & Flails
 + Level 0.8 Armour
 + Level 1.8 Dodging
 - Level 2.1 Stealth
 + Level 7.0 Spellcasting
 + Level 7.6 Conjurations
 - Level 0.7 Transmutations
 + Level 9.4 Earth Magic
 + Level 0.7 Evocations


You had 13 spell levels left.
You knew the following spells:

 Your Spells              Type           Power        Failure   Level
a - Sandblast             Erth           #####.       1%          1
b - Stone Arrow           Conj/Erth      #####.       1%          3
c - Lee's Rapid Deconstr  Erth           #####.....   5%          5

Your spell library contained the following spells:

 Spells                   Type           Power        Failure   Level
 Magic Dart               Conj           ####         1%          1
 Passwall                 Tmut/Erth      ####....     1%          2
 Conjure Flame            Conj/Fire      ###.....     6%          3
 Mephitic Cloud           Conj/Pois/Air  ###.....     10%         3
 Petrify                  Tmut/Erth      ####....     12%         4
 Blink                    Tloc           N/A          14%         2
 Call Imp                 Summ           #.......     14%         2
 Slow                     Hex            #.......     14%         2


Dungeon Overview and Level Annotations

Branches:
Dungeon (7/15)
 Temple: D:4-7

Altars:
Cheibriados
Elyvilon
Gozag
Kikubaaqudgha
Nemelex Xobeh
Qazlal
Ru
Sif Muna
Trog
Uskayaw

Shops:
D:4 *   D:6 (

Annotations:
D:3 3 runed translucent doors, Trueduck's ghost, amateur NaTm
D:7 Harold


Innate Abilities, Weirdness & Mutations

You are resistant to torment.
Your stone body is resilient. (AC +6)
You are immune to poison.
You resist negative energy. (rN+)
You are resistant to electric shocks. (rElec)
You can survive without breathing.
You are immune to petrification.
You are immune to rotting.
You are partially covered in slimy green scales. (AC +2)
You can translocate small distances at will.
You expend magic power (3 MP) to strengthen your wands.


Message History

Aim: Harold, wielding a +0 short sword and wearing a +0 scale mail (heavily wounded, covered in acid, 17% to evade)
You feel a surge of power!
The bolt of acid hits Harold!
Harold is splashed with acid.
Harold seems to be corroded for longer.
Harold is severely wounded.
The bolt of acid hits the jackal!!
The jackal is splashed with acid.
The acid corrodes the jackal!
You kill the jackal!
Harold hits you with a +0 short sword!
* * * LOW HITPOINT WARNING * * *
Unknown command.
Casting: Sandblast (safe; 1% risk of failure)
Confirm with . or Enter, or press ? or * to list all spells.
Aiming: Sandblast (safe; 1% risk of failure)
Press: ? - help, Shift-Dir - straight line, f/p - Harold
Aim: Harold, wielding a +0 short sword and wearing a +0 scale mail (severely wounded, covered in acid, 10% to evade)
The blast of sand hits Harold!
Harold is almost dead.
b - 246 stones Harold hits you with a +0 short sword!
You die...

#.....# #.....# #.....#
#.....# #....># ############
#.....# #......#...##
#.....# #......#....#
#.....# #.....$†@@.(#
#.....# ###......#....#
#.....#
.........#############.....#
).....†.......#......#..<..#
..............#......#.....#
...........)..'......#.....#
..............#......#.....#
..............#......#.....#
...######.....#......#.....#


You could see Harold (corroded).

Vanquished Creatures
  A wyvern (D:7)
  9 phantoms
  2 sky beasts
  A black bear (D:6)
  3 ogres
  A centaur (D:5)
  A water moccasin skeleton (D:7)
  A howler monkey (D:7)
  6 orc priests
  A bullfrog skeleton (D:5)
  3 hounds
  Ijyb (D:4)
  An iguana (D:7)
  10 orc wizards
  3 worker ants
  A killer bee zombie (D:6)
  A hound skeleton (D:7)
  A worker ant zombie (D:6)
  7 adders
  A shadow imp (D:5)
  A white imp (D:6)
  An ufetubus (D:4)
  3 oozes
  6 worms
  4 dart slugs
  3 leopard geckos
  21 orcs
  A ball python (D:4)
  7 bats
  3 giant cockroaches
  8 goblins
  5 hobgoblins
  12 jackals
  A quokka (D:2)
  A ball python zombie (D:5)
  2 frilled lizards
  5 kobolds
  A quokka skeleton (D:6)
  5 rats
145 creatures vanquished.

Vanquished Creatures (others)
  A plant (D:6)
1 creature vanquished.

Grand Total: 146 creatures vanquished

Notes
Turn   | Place    | Note
-------+----------+-------------------------------------------
     0 | D:1      | Favre the Gargoyle Earth Elementalist began the quest for
                  | the Orb.
     0 | D:1      | Reached XP level 1. HP: 10/10 MP: 3/3
   253 | D:1      | Reached XP level 2. HP: 15/15 MP: 1/5
   305 | D:1      | Reached skill level 4 in Earth Magic
   910 | D:2      | Reached XP level 3. HP: 19/19 MP: 6/6
   914 | D:2      | Learned a level 3 spell: Stone Arrow
  1206 | D:2      | Gained mutation: You are frail. (-10% HP) [potion of
                  | mutation]
  1206 | D:2      | Gained mutation: Your flesh is cold resistant. (rC+)
                  | [potion of mutation]
  1207 | D:2      | Lost mutation: You are frail. (-10% HP) [potion of
                  | mutation]
  1207 | D:2      | Lost mutation: Your flesh is cold resistant. (rC+) [potion
                  | of mutation]
  1207 | D:2      | Gained mutation: You are somewhat resistant to further
                  | mutation. [potion of mutation]
  1207 | D:2      | Gained mutation: Armour fits poorly on your strangely
                  | shaped body. [potion of mutation]
  1208 | D:2      | Lost mutation: You are somewhat resistant to further
                  | mutation. [potion of mutation]
  1208 | D:2      | Lost mutation: Armour fits poorly on your strangely shaped
                  | body. [potion of mutation]
  1208 | D:2      | Gained mutation: You can translocate small distances at
                  | will. [potion of mutation]
  1208 | D:2      | Gained mutation: You expend magic power (3 MP) to
                  | strengthen your wands. [potion of mutation]
  1208 | D:2      | Gained mutation: You are partially covered in slimy green
                  | scales. (AC +2) [potion of mutation]
  1235 | D:2      | Found a hide-covered altar of Uskayaw.
  1236 | D:2      | Found a bloodstained altar of Trog.
  1237 | D:2      | Found a white marble altar of Elyvilon.
  1258 | D:2      | Reached skill level 1 in Conjurations
  1822 | D:3      | Reached XP level 4. HP: 15/24 MP: 8/8
  1834 | D:3      | Found a snail-covered altar of Cheibriados.
  1961 | D:3      | Found a runed translucent gate.
  1962 | D:3      | Found a runed translucent gate.
  1962 | D:3      | Found an opulent altar of Gozag.
  1963 | D:3      | Found a runed translucent gate.
  1965 | D:3      | Noticed Trueduck's ghost (amateur NaTm)
  2774 | D:4      | Reached skill level 5 in Earth Magic
  2774 | D:4      | Reached XP level 5. HP: 25/28 MP: 9/9
  2996 | D:4      | Found a sparkling altar of Nemelex Xobeh.
  3003 | D:4      | Learned a level 5 spell: Lee's Rapid Deconstruction
  3009 | D:4      | Found an ancient bone altar of Kikubaaqudgha.
  3062 | D:4      | Reached XP level 6. HP: 21/32 MP: 1/11
  3179 | D:4      | Found Qesiod's General Store.
  3188 | D:4      | Noticed Ijyb
  3195 | D:4      | Killed Ijyb
  3203 | D:4      | Bought a scroll of magic mapping for 45 gold pieces
  3203 | D:4      | Bought a potion of invisibility for 104 gold pieces
  3203 | D:4      | Bought a scroll of identify for 26 gold pieces
  3266 | D:4      | Reached skill level 6 in Earth Magic
  3446 | D:4      | Noticed a sky beast
  3461 | D:4      | Killed a sky beast
  3462 | D:4      | Reached XP level 7. HP: 15/36 MP: 6/13
  3836 | D:4      | Noticed Edmund
  3837 | D:4      | Noticed Edmund
  3837 | D:4      | Edmund changed into Edmund the ball python
  3843 | D:4      | Killed Edmund the ball python
  3924 | D:4      | Found a sacrificial altar of Ru.
  4258 | D:5      | Entered Level 5 of the Dungeon
  4495 | D:5      | Reached skill level 5 in Spellcasting
  4495 | D:5      | Reached skill level 7 in Earth Magic
  4563 | D:5      | Reached skill level 5 in Conjurations
  4563 | D:5      | Reached XP level 8. HP: 6/41 MP: 13/15
  5115 | D:5      | Found a stormy altar of Qazlal.
  5723 | D:5      | Reached skill level 8 in Earth Magic
  6009 | D:6      | Found a snail-covered altar of Cheibriados.
  6114 | D:6      | Reached XP level 9. HP: 45/45 MP: 15/18
  6230 | D:6      | Reached skill level 9 in Earth Magic
  6394 | D:6      | Noticed a five-headed hydra
  6403 | D:6      | Found Paraaph's Hydra Hut.
  6532 | D:6      | Found a shimmering blue altar of Sif Muna.
  7237 | D:7      | Noticed Harold
  7499 | D:7      | Slain by Harold

Illustrated notes

Levels and vault maps discovered:
D:1:      nzn_arrival_crosshair, layout_loops_ring
D:2:      cheibrodos_old_hovel, layout_basic, grunt_temple_overflow_open,
          minmay_misc_feat_tiny
D:3:      layout_basic, ebering_ghost_gozag, kennysheep_slug_shrine
D:4:      minmay_razor_zed, layout_rooms, general_overflow_altar,
          amethyst_overflow_temple_binary, serial_shops, shop, uniq_edmund,
          uniq_ijyb
D:5:      layout_basic, lemuel_crystal_altar
D:6:      layout_loops_ring, led_sif_pool, kennysheep_mini,
          doesnt_shop_hydraphobe
D:7:      layout_gridville, gammafunk_temple_overflow_forgotten,
          minmay_temple_entry_glass, uniq_harold

Skill      XL: |  1  2  3  4  5  6  7  8  9 |
---------------+----------------------------+-----
Earth Magic    | 4 5 6 7 8 9 |  9.4
Conjurations   | 1 2 3 4 5 6 7 |  7.6
Spellcasting   | 3 4 5 6 7 |  7.0
Fighting       | |  0.8
Maces & Flails | |  0.9
Armour         | |  0.8
Dodging        | |  1.8
Stealth        | |  2.1
Transmutations | |  0.7
Evocations     | |  0.7

Action                   |  1- 3 |  4- 6 |  7- 9 || total
-------------------------+-------+-------+-------++-------
Melee: Unarmed           |     1 |       |       ||     1
       Dagger            |    89 |    95 |   227 ||   411
 Cast: Sandblast         |    10 |    17 |    81 ||   108
       Lee's Rapid Decon |       |     1 |       ||     1
       Stone Arrow       |       |       |     1 ||     1
Evoke: Wand              |       |       |     6 ||     6
  Use: Scroll            |     8 |     6 |     5 ||    19
       Potion            |     3 |     1 |     1 ||     5
 Stab: Sleeping          |     3 |     1 |     3 ||     7
Armor: Robe              |    17 |    58 |   118 ||   193
Dodge: Dodged            |    71 |    67 |   172 ||   310

Table legend: (Time is in decaauts)
 A = Elapsed time spent in this place.
 B = Non-inter-level travel time spent in this place.
 C = Inter-level travel time spent in this place.
 D = Time resting spent in this place.
 E = Time spent auto-exploring this place.
 F = Levels seen in this place.
 G = Mean time per level.
                   A        B        C        D        E       F      G
               +--------+--------+--------+--------+--------+-----+--------+
         Total |   7503 |   7348 |    155 |   1204 |   4923 |   7 | 1071.9 |
       Dungeon |   7503 |   7348 |    155 |   1204 |   4923 |   7 | 1071.9 |
               +--------+--------+--------+--------+--------+-----+--------+

Top non-repeatable levels by time:
     D:4: 1502 daAuts
     D:5: 1494 daAuts
     D:3: 1145 daAuts
     D:6: 973 daAuts
     D:1: 811 daAuts
     D:2: 803 daAuts
     D:7: 772 daAuts
